 Dungeon Crawl Stone Soup version 0.19.4-9-g45fd643 (webtiles) character file.

18775 empire the Basher (level 12, -6/81 HPs)
             Began as a Mummy Fighter on Feb 14, 2017.
             Was an Initiate of Gozag.
             Mangled by Snorg (18 damage)
             ... on level 1 of the Orcish Mines on Feb 15, 2017.
             The game lasted 01:01:29 (19700 turns).

empire the Basher (Mummy Fighter)                  Turns: 19700, Time: 01:01:30

Health: -6/81      AC: 28    Str: 24    XL:     12   Next: 30%
Magic:  18/18      EV:  5    Int:  8    God:    Gozag
Gold:   730        SH: 16    Dex: 13    Spells: 3 memorised, 6 levels left

rFire  x . .     SeeInvis .     b - +5 flail
rCold  + + .     Gourm    .     K - +3 plate armour of Volumof {rPois rC+ MR+}
rNeg   + + +     Faith    .     c - +0 shield
rPois  ∞         Spirit   .     A - +2 helmet "Upadajoe" {MR+ Str+2}
rElec  .         Reflect  +     t - +0 cloak
rCorr  .         Harm     .     r - +0 pair of gloves (curse)
MR     +++..                    o - +1 pair of boots
Stlth  ..........               p - +5 amulet of reflection
                                m - +1 ring of slaying
                                n - +3 ring of protection

@: gold aura, very slightly contaminated, hasted, very quick
A: no food or potions, fire vulnerability, cold resistance 1, negative energy
resistance 3, torment resistance, unbreathing
a: Potion Petition, Call Merchant, Bribe Branch, Renounce Religion


You were on level 1 of the Orcish Mines.
You worshipped Gozag.
Gozag was pleased with you.
You were not hungry.

You visited 4 branches of the dungeon, and saw 16 of its levels.

You collected 3932 gold pieces.
You spent 1512 gold pieces at shops.
You paid 1690 gold pieces to Gozag.

Inventory:

Hand Weapons
 a - a +0 morningstar
 b - a +5 flail (weapon)
 C - a +2 hand crossbow of freezing
Armour
 c - a +0 shield (worn)
 o - a +1 pair of boots (worn)
 r - a cursed +0 pair of gloves (worn)
 t - a +0 cloak (worn)
 A - the +2 helmet "Upadajoe" (worn) {MR+ Str+2}
   (You bought it in a shop in the Ecumenical Temple)

   It affects your strength (+2).
   It affects your resistance to hostile enchantments.
 K - the +3 plate armour of Volumof (worn) {rPois rC+ MR+}
   (You bought it in a shop in the Ecumenical Temple)

   It protects you from cold.
   It protects you from poison.
   It affects your resistance to hostile enchantments.
Jewellery
 d - an uncursed ring of protection from fire
 e - an uncursed ring of protection from fire
 m - a +1 ring of slaying (right hand)
 n - a +3 ring of protection (left hand)
 p - a +5 amulet of reflection (around neck)
Wands
 g - a wand of lightning (0/15)
 j - a wand of disintegration (3/24)
 k - a wand of slowing (2/48)
 v - a wand of polymorph (3/24)
 B - a wand of hasting (0/9)
 E - a wand of confusion (22/48)
 I - a wand of random effects (16/48)
 J - a wand of enslavement (7/24)
Scrolls
 f - 3 scrolls of remove curse
 l - 4 scrolls of amnesia
 q - 2 scrolls of magic mapping
 s - a scroll of blinking
 w - a scroll of fog
 G - 3 scrolls of teleportation
Miscellaneous
 x - a box of beasts


   Skills:
 - Level 3.0 Fighting
 * Level 10.4 Maces & Flails
 + Level 8.1 Armour
 + Level 7.4 Shields
 + Level 4.0 Translocations
 + Level 8.2 Evocations


You had 6 spell levels left.
You knew the following spells:

 Your Spells              Type           Power        Failure   Level  Hunger
a - Blink                 Tloc           N/A          100%        2    N/A
b - Call Imp              Summ           #.......     100%        2    N/A
c - Apportation           Tloc           #.........   100%        1    N/A

Dungeon Overview and Level Annotations

Branches:
Dungeon (12/15)            Temple (1/1) D:4            Lair (2/6) D:8
    Orc (1/2) D:11
  Swamp: Lair:2-4    Shoals: Lair:2-4     Snake: Lair:2-4    Spider: Lair:2-4

Altars:
Ashenzari
Cheibriados
Dithmenos
Elyvilon
Fedhas
Gozag
Hepliaklqana
Kikubaaqudgha
Makhleb
Nemelex Xobeh
Okawaru
Qazlal
Ru
Sif Muna
Trog
Uskayaw
Vehumet
Xom
Yredelemnul
Zin
The Shining One

Shops:
D:10 =   Temple [=

Annotations:
D:12 Azrael
Orc:1 Erica, Josephine, Snorg


Innate Abilities, Weirdness & Mutations

You do not eat or drink.
Your flesh is vulnerable to fire.
You are immune to poison.
Your flesh is cold resistant. (rC+)
You are immune to negative energy. (rN+++)
You are immune to unholy pain and torment.
You can survive without breathing.


Message History

* * * LOW HITPOINT WARNING * * *
Erica burns you.
* * * LOW HITPOINT WARNING * * *
You block the warg's attack. The warg bites you.
* * * LOW HITPOINT WARNING * * *
Erica hits Josephine with a scimitar of flaming!
Erica burns Josephine.
Snorg bites you but does no damage. You block Snorg's attack. Snorg claws you!
* * * LOW HITPOINT WARNING * * *
Snorg barely misses you. Snorg claws you but does no damage.
You block Snorg's attack.
Evoke which item? (* to show all) (? for menu, Esc to quit)
Zapping:
B - a wand of hasting (1/9)
Press: ? - help, Shift-Dir - straight line, f - you, p - Erica You feel yourself speed up.
You are very lightly contaminated with residual magic.
This wand has 0 charges left.
You block the warg's attack. Snorg bites you!!
You die...
Your body crumbles into a pile of gold.

##.## #...## ## ##....# .##
#....## ..## ##>#.## ### ##
...# #....# ##.##.###
...### #....## #$......#
.....# ##.....###.......###
(.)..###........@T@.......#
#()).............hW@##...$#
#...........#......$# ....
###.......###.....##W# ..
#........##...........
.....##..###.....$......
.....##.........#........#
.....#.#....#...........##
....#####...##.##. ..#


You could see Snorg (berserk), Josephine, Erica (confused), 2 wraiths and a
warg.

Vanquished Creatures
  Harold (D:11)
  2 hydras
  A death yak (D:8)
  3 hill giants
  2 black mambas (Lair:2)
  Joseph (D:8)
  2 spiny frogs (Lair:2)
  A kobold demonologist (D:8)
  A troll (Orc:1)
  2 two-headed ogres
  A queen bee (D:10)
  Grinder (D:4)
  A hornet (D:8)
  3 hippogriffs
  A shadow (D:11)
  Sigmund (D:6)
  3 wraiths
  6 yaks (Lair:1)
  Menkaure (D:7)
  2 wargs
  A soldier ant (D:8)
  A hell hound (D:12)
  3 porcupines
  A sky beast (D:10)
  6 ice beasts
  A black bear (D:6)
  7 orc warriors
  2 necrophages (D:8)
  An eye of draining (D:9)
  2 phantoms
  13 ogres
  6 centaurs
  8 crocodiles
  A wyvern zombie (D:11)
  2 jellies
  6 bullfrogs
  A big kobold (D:11)
  A wyvern skeleton (D:10)
  8 scorpions
  25 killer bees (D:10)
  7 wights
  An electric eel (D:7)
  5 crimson imps
  2 centaur zombies
  9 orc priests
  A bullfrog skeleton (D:6)
  4 hounds
  5 gnoll shamans (D:6)
  3 centaur skeletons
  7 orc wizards
  Crazy Yiuf (D:7)
  4 iguanas
  Terence (D:3)
  11 worker ants
  2 hound skeletons
  A worker ant zombie (D:8)
  30 gnolls
  16 adders
  A shadow imp (D:8)
  2 oozes
  An adder skeleton (D:6)
  4 worms
  A dart slug (D:2)
  4 leopard geckos
  57 orcs
  14 bats
  10 giant cockroaches
  8 goblins
  12 hobgoblins
  32 jackals
  5 quokkas
  4 ball pythons
  4 frilled lizards
  14 kobolds
  3 leopard gecko skeletons
  A quokka skeleton (D:6)
  A quokka zombie (D:9)
  6 rats
426 creatures vanquished.

Vanquished Creatures (others)
  An orc warrior (D:9)
  An orc wizard (D:4)
  3 kobolds (D:11)
5 creatures vanquished.

Grand Total: 431 creatures vanquished

Notes
Turn   | Place    | Note
-------+----------+-------------------------------------------
     0 | D:1      | empire the Mummy Fighter began the quest for the Orb.
     0 | D:1      | Reached XP level 1. HP: 18/18 MP: 1/1
   221 | D:1      | Reached XP level 2. HP: 23/24 MP: 2/2
   313 | D:1      | Reached skill level 2 in Maces & Flails
   734 | D:2      | Reached XP level 3. HP: 29/29 MP: 3/3
  1068 | D:2      | Reached XP level 4. HP: 18/35 MP: 4/4
  1188 | D:2      | Found a shimmering altar of Xom.
  1427 | D:2      | Found a blossoming altar of Fedhas.
  1634 | D:3      | Noticed Sigmund
  1638 | D:3      | Noticed Grinder
  1650 | D:4      | Paralysed by Grinder for 2 turns
  1889 | D:4      | Reached skill level 3 in Maces & Flails
  1959 | D:4      | Reached XP level 5. HP: 36/41 MP: 5/5
  1975 | D:4      | Found a staircase to the Ecumenical Temple.
  1989 | Temple   | Entered the Ecumenical Temple
  2166 | Temple   | Became a worshipper of Gozag Ym Sagoz the Greedy
  2241 | D:4      | Reached skill level 1 in Evocations
  2579 | D:4      | Reached XP level 6. HP: 23/47 MP: 7/7
  2582 | D:4      | Paralysed by Grinder for 3 turns
  2936 | D:5      | Entered Level 5 of the Dungeon
  2988 | D:4      | Reached skill level 4 in Maces & Flails
  3068 | D:4      | Reached XP level 7. HP: 44/52 MP: 8/8
  4100 | D:5      | Reached skill level 5 in Maces & Flails
  4118 | D:5      | Reached XP level 8. HP: 56/58 MP: 10/10
  4230 | D:5      | Found a sparkling altar of Nemelex Xobeh.
  4810 | D:3      | Noticed Terence
  4818 | D:3      | Killed Terence
  5591 | D:4      | Paralysed by Grinder for 2 turns
  5593 | D:4      | Killed Grinder
  6280 | D:6      | Reached skill level 6 in Maces & Flails
  6435 | D:6      | Killed Sigmund
  6435 | D:6      | Reached skill level 5 in Armour
  6435 | D:6      | Reached skill level 5 in Evocations
  6435 | D:6      | Reached XP level 9. HP: 31/63 MP: 12/12
  6518 | D:6      | HP: 1/63 [ogre/giant spiked club (17)]
  7052 | D:6      | Found a deep blue altar of Sif Muna.
  7424 | D:6      | Reached skill level 5 in Shields
  7855 | D:6      | Reached skill level 7 in Maces & Flails
  8816 | D:7      | Got a translucent dagger
  8867 | D:7      | Got a crude short sword
  8897 | D:7      | Identified the cursed +3 dagger of Eternal Vigilance {antimagic, *Contam Str+6 Dex+4} (You found it on level 7 of the Dungeon)
  8898 | D:7      | Identified the +6 short sword of the Shark {speed, rPois rF++ rC+ MR-} (You found it on level 7 of the Dungeon)
  9155 | D:7      | Noticed Menkaure
  9161 | D:7      | Killed Menkaure
  9169 | D:7      | Found a runed door.
  9173 | D:7      | Noticed Crazy Yiuf
  9178 | D:7      | Killed Crazy Yiuf
  9178 | D:7      | Reached XP level 10. HP: 55/70 MP: 14/14
  9405 | D:8      | Noticed Joseph
  9429 | D:8      | Killed Joseph
  9881 | D:8      | Learned a level 2 spell: Blink
  9884 | D:8      | Learned a level 2 spell: Call Imp
 10286 | D:8      | Reached skill level 8 in Maces & Flails
 10451 | D:8      | Found a staircase to the Lair.
 10507 | D:8      | Found a shadowy altar of Dithmenos.
 10676 | Temple   | Bought a faintly glowing helmet for 218 gold pieces
 10676 | Temple   | Identified the +2 helmet "Upadajoe" {MR+ Str+2} (You bought it in a shop in the Ecumenical Temple)
 10835 | D:8      | Noticed an eight-headed hydra
 10840 | D:8      | Killed an eight-headed hydra
 10975 | D:8      | Found a glowing golden altar of the Shining One.
 10977 | Lair:1   | Entered Level 1 of the Lair of Beasts
 11101 | Lair:1   | Noticed a four-headed hydra
 11179 | Lair:1   | Got an ancient scimitar
 11282 | D:8      | Noticed a death yak
 11282 | D:8      | a four-headed hydra changed into a death yak
 11924 | D:9      | Noticed a smoke demon
 12378 | D:9      | Noticed a hand axe
 12378 | D:9      | Noticed a dagger
 12380 | D:9      | Found a hide-covered altar of Uskayaw.
 12414 | D:9      | Found a snail-covered altar of Cheibriados.
 12650 | D:9      | Found a stormy altar of Qazlal.
 13226 | D:10     | Entered Level 10 of the Dungeon
 13251 | D:10     | Learned a level 1 spell: Apportation
 13411 | D:10     | Found Nuofyih's Jewellery Boutique.
 13451 | D:10     | Reached XP level 11. HP: 72/75 MP: 16/16
 13791 | D:10     | Reached skill level 9 in Maces & Flails
 13838 | D:10     | Reached skill level 1 in Translocations
 14053 | D:10     | Noticed a hill giant
 14067 | D:10     | Killed a hill giant
 14142 | D:8      | Found a radiant altar of Vehumet.
 14488 | D:8      | Killed a death yak
 15147 | Lair:1   | Found a radiant altar of Vehumet.
 15363 | Lair:2   | Noticed an eight-headed hydra
 15364 | Lair:2   | Identified the cursed +1 scimitar "Tesutz" {drain, +Blink rF- rC- MP+9} (You found it on level 1 of the Lair of Beasts)
 15384 | Lair:2   | Killed an eight-headed hydra
 15791 | Lair:2   | Reached skill level 10 in Maces & Flails
 16163 | Lair:2   | Identified the Disquisition on Darkness and Intoxication
 16607 | D:11     | Found a staircase to the Orcish Mines.
 16961 | D:11     | Noticed a hill giant
 17296 | D:11     | Killed a hill giant
 17544 | D:11     | Reached XP level 12. HP: 64/81 MP: 17/17
 17892 | D:10     | Upgraded the game from 0.19.4-8-ga85b6b9 to 0.19.4-9-g45fd643
 18128 | D:12     | Noticed Azrael
 18327 | Orc:1    | Entered Level 1 of the Orcish Mines
 18327 | Orc:1    | Noticed Harold
 18670 | Temple   | Bought a warped plate armour for 644 gold pieces
 18681 | Temple   | Identified the +3 plate armour of Volumof {rPois rC+ MR+} (You bought it in a shop in the Ecumenical Temple)
 18925 | D:10     | Bought an uncursed ring of protection from fire for 325 gold pieces
 18925 | D:10     | Bought an uncursed ring of protection from fire for 325 gold pieces
 19009 | D:11     | Killed Harold
 19644 | Orc:1    | Noticed Erica
 19687 | Orc:1    | Noticed Snorg
 19689 | Orc:1    | Noticed Josephine
 19700 | Orc:1    | Mangled by Snorg

Skill      XL: |  1  2  3  4  5  6  7  8  9 10 11 12 |
---------------+-------------------------------------+-----
Maces & Flails | 2 3 4 5 6 7 8 10 | 10.4
Armour         | 3 4 5 6 7 8 |  8.1
Shields        | 3 4 5 6 7 |  7.4
Evocations     | 1 2 3 5 6 7 8 |  8.2
Translocations | 3 4 |  4.0
Fighting       | |  3.0

Action                   |  1- 3 |  4- 6 |  7- 9 | 10-12 || total
-------------------------+-------+-------+-------+-------++-------
Melee: Flail             |   168 |   173 |   555 |   731 ||  1627
       Morningstar       |       |       |    84 |   244 ||   328
Invok: Potion Petition   |       |       |     1 |       ||     1
       Call Merchant     |       |       |       |     2 ||     2
Evoke: Wand              |       |       |    14 |    42 ||    56
  Use: Scroll            |       |    11 |     8 |    18 ||    37
 Stab: Distracted        |       |       |     1 |     3 ||     4
       Confused          |       |       |       |     2 ||     2
Armor: Scale mail        |    41 |       |       |       ||    41
       Chain mail        |    62 |   107 |   281 |   313 ||   763
       Plate armour      |       |       |       |   105 ||   105
Dodge: Dodged            |    40 |    46 |   128 |   160 ||   374
Block: Shield            |    91 |    88 |   301 |   835 ||  1315
       Reflection        |       |       |       |    22 ||    22
